 Dungeon Crawl Stone Soup version 0.25-a0-719-gde951dce62 (webtiles) character file.

Game seed: 17020506941484828999, levelgen mode: deterministic

237 Amnesiac the Thaumaturge (level 5, -6/28 HPs)
             Began as a Deep Elf Wizard on Apr 7, 2020.
             Mangled by Edmund
             ... wielding a +2 flail of protection
              (13 damage)
             ... on level 4 of the Dungeon.
             The game lasted 00:04:55 (2912 turns).

Amnesiac the Thaumaturge (Deep Elf Wizard)          Turns: 2912, Time: 00:04:55

Health: -6/28      AC:  4    Str:  4    XL:     5   Next: 77%
Magic:  6/18       EV: 13    Int: 24    God:
Gold:   137        SH:  0    Dex: 13    Spells: 10/21 levels left

rFire    . . .     SeeInvis .   a - +1 dagger (drain)
rCold    . . .     Gourm    .   (no shield)
rNeg     . . .     Faith    .   p - +0 robe
rPois    .         Spirit   .   (no helmet)
rElec    .         Reflect  .   m - +0 cloak
rCorr    .         Harm     .   r - +0 pair of gloves
MR       .....                  (no boots)
Stlth    ++........             t - amulet of the acrobat
HPRegen  0.09/turn              (no ring)
MPRegen  0.16/turn              (no ring)

@: no status effects
A: no striking features
a: no special abilities


You were on level 4 of the Dungeon.
You were not hungry.

You visited 1 branch of the dungeon, and saw 4 of its levels.

You collected 137 gold pieces.

Inventory:

Hand Weapons
 a - a +1 dagger of draining (weapon)
Missiles
 f - 29 poisoned darts (quivered)
Armour
 m - a +0 cloak (worn)
 p - a +0 robe (worn)
 r - a +0 pair of gloves (worn)
Jewellery
 s - an uncursed amulet of the gourmand
 t - an amulet of the acrobat (around neck)
Scrolls
 b - a scroll of amnesia {!r, unknown}
 e - 9 scrolls of identify {!r, unknown}
 i - 2 scrolls of remove curse {!r, unknown}
 j - 3 scrolls of teleportation {!r, unknown}
 k - a scroll of noise {!r, unknown}
 l - a scroll of enchant armour {!r, unknown}
Potions
 c - 2 potions of curing {!q}
 g - a potion of heal wounds {!q, unknown}
 h - 2 potions of brilliance {!q, unknown}
 o - a potion of flight {!q, unknown}
 q - a potion of invisibility {!q, unknown}
Comestibles
 d - 9 rations
 n - 10 chunks of flesh


   Skills:
 - Level 2.4 Dodging
 - Level 2.4 Stealth
 + Level 8.9 Spellcasting
 - Level 1.1 Conjurations
 - Level 1.1 Summonings
 - Level 1.1 Translocations


You had 10 spell levels left.
You knew the following spells:

 Your Spells              Type           Power        Failure   Level  Hunger
a - Magic Dart            Conj           ###.         3%          1    None
b - Call Imp              Summ           ###.....     5%          2    None
e - Mephitic Cloud        Conj/Pois/Air  ##......     16%         3    None
s - Conjure Flame         Conj/Fire      ##......     14%         3    None
v - Blink                 Tloc           N/A          5%          2    None

Your spell library contained the following spells:

 Spells                   Type           Power        Failure   Level  Hunger
 Slow                     Hex            ##......     9%          2    None


Dungeon Overview and Level Annotations

Branches:
Dungeon (4/15)
 Temple: D:4-7

Altars:
Ashenzari
Cheibriados
Kikubaaqudgha
Makhleb
Sif Muna
Trog
Xom

Annotations:
D:4 Edmund


Message History

Press: ? - help, Shift-Dir - straight line, f/p - Edmund
Aim: Edmund, wielding a +2 flail of protection and wearing a +0 chain mail (moderately wounded)
The magic dart hits Edmund.
Edmund is heavily wounded.
Edmund closely misses you.
Casting: Magic Dart (safe; 3% risk of failure)
Confirm with . or Enter, or press ? or * to list all spells.
Aiming: Magic Dart (safe; 3% risk of failure)
Press: ? - help, Shift-Dir - straight line, f/p - Edmund
Aim: Edmund, wielding a +2 flail of protection and wearing a +0 chain mail (heavily wounded)
The magic dart hits Edmund.
Edmund is heavily wounded.
Your white imp freezes Edmund.
Casting: Magic Dart (safe; 3% risk of failure)
Confirm with . or Enter, or press ? or * to list all spells.
Aiming: Magic Dart (safe; 3% risk of failure)
Press: ? - help, Shift-Dir - straight line, f/p - Edmund
Aim: Edmund, wielding a +2 flail of protection and wearing a +0 chain mail (heavily wounded)
The magic dart hits Edmund.
Edmund is heavily wounded.
Edmund hits you with a +2 flail of protection.
Your white imp gestures at Edmund.
The puff of frost misses Edmund.
Casting: Magic Dart (safe; 3% risk of failure)
Confirm with . or Enter, or press ? or * to list all spells.
Aiming: Magic Dart (safe; 3% risk of failure)
Press: ? - help, Shift-Dir - straight line, f/p - Edmund
Aim: Edmund, wielding a +2 flail of protection and wearing a +0 chain mail (heavily wounded)
The magic dart hits Edmund but does no damage.
Edmund is heavily wounded.
Edmund says, "People accused me of being a cutpurse!"
Edmund completely misses you.
Your white imp gestures at Edmund.
The puff of frost hits Edmund but does no damage.
Your white imp gestures at Edmund.
The puff of frost misses Edmund.
Casting: Magic Dart (safe; 3% risk of failure)
Confirm with . or Enter, or press ? or * to list all spells.
Aiming: Magic Dart (safe; 3% risk of failure)
Press: ? - help, Shift-Dir - straight line, f/p - Edmund
Aim: Edmund, wielding a +2 flail of protection and wearing a +0 chain mail (heavily wounded)
The magic dart hits Edmund.
Edmund is severely wounded.
Edmund hits you with a +2 flail of protection.
Your white imp gestures at Edmund.
The puff of frost hits Edmund.
Casting: Magic Dart (safe; 3% risk of failure)
Confirm with . or Enter, or press ? or * to list all spells.
Aiming: Magic Dart (safe; 3% risk of failure)
Press: ? - help, Shift-Dir - straight line, f/p - Edmund
Aim: Edmund, wielding a +2 flail of protection and wearing a +0 chain mail (severely wounded)
The magic dart hits Edmund but does no damage.
Edmund is severely wounded.
Edmund hits you with a +2 flail of protection!
* * * LOW HITPOINT WARNING * * *
Casting: Magic Dart (safe; 3% risk of failure)
Confirm with . or Enter, or press ? or * to list all spells.
Aiming: Magic Dart (safe; 3% risk of failure)
Press: ? - help, Shift-Dir - straight line, f/p - Edmund
Aim: Edmund, wielding a +2 flail of protection and wearing a +0 chain mail (severely wounded)
The magic dart hits Edmund but does no damage.
Edmund is severely wounded.
Edmund hits you with a +2 flail of protection!
You die...

#.....# #.....# #.....# ##
#.....### )# #.......#
.#### .. ##..#.#.####.##
[)..# ..#
#####.##(..[...... )#..#
#.# #...@5####.####.#
.#### #.# #...@5.....#
....+ +.# #........###
##..# ##.###........#
.#..# #...##...........
.#..# #.......(.........
'##.#+##P.###........#....
).#...#...###.!......#....
..#...#....######..#######
###.#####..# #.#


You could see Edmund and 2 friendly white imps.

Vanquished Creatures
  A hound (D:4)
  5 gnolls (D:4)
  An adder (D:3)
  6 leopard geckos
  2 orcs (D:4)
  5 giant cockroaches
  11 goblins
  10 hobgoblins
  7 bats
  3 frilled lizards (D:1)
  11 kobolds
  4 rats
66 creatures vanquished.

Vanquished Creatures (collateral kills)
  A scorpion (D:4)
  An orc priest (D:4)
  Terence (D:3)
  4 orcs (D:4)
  3 kobolds (D:4)
10 creatures vanquished.

Grand Total: 76 creatures vanquished

Notes
Turn   | Place    | Note
-------+----------+-------------------------------------------
     0 | D:1      | Amnesiac the Deep Elf Wizard began the quest for the Orb.
     0 | D:1      | Reached XP level 1. HP: 10/10 MP: 7/7
    83 | D:1      | Reached skill level 5 in Spellcasting
   143 | D:1      | Reached XP level 2. HP: 15/15 MP: 3/10
   147 | D:1      | Learned a level 2 spell: Blink
   150 | D:1      | Learned a level 2 spell: Call Imp
  1045 | D:2      | Reached XP level 3. HP: 19/19 MP: 9/12
  1057 | D:3      | Learned a level 3 spell: Conjure Flame
  1061 | D:3      | Learned a level 3 spell: Mephitic Cloud
  1229 | D:3      | Found a glowing drain.
  1232 | D:3      | Reached skill level 6 in Spellcasting
  1511 | D:3      | Noticed Terence
  1524 | D:3      | Killed Terence
  1592 | D:3      | Found a shattered altar of Ashenzari.
  1598 | D:3      | Found a burning altar of Makhleb.
  1604 | D:3      | Found a bloodstained altar of Trog.
  1607 | D:3      | Found an ancient bone altar of Kikubaaqudgha.
  1612 | D:3      | Found a snail-covered altar of Cheibriados.
  1616 | D:3      | Found a shimmering blue altar of Sif Muna.
  1621 | D:3      | Found a shimmering altar of Xom.
  1665 | D:4      | Reached skill level 7 in Spellcasting
  1665 | D:4      | Reached XP level 4. HP: 6/24 MP: 4/15
  2151 | D:4      | Reached XP level 5. HP: 19/28 MP: 15/17
  2270 | D:4      | Reached skill level 8 in Spellcasting
  2881 | D:4      | Noticed Edmund
  2912 | D:4      | Mangled by Edmund

Levels and vault maps discovered:
D:1:      scummos_arrival_hexagon, layout_basic, minmay_misc_feat_columns,
          chequers_serial_rivers_marsh
D:2:      layout_loops_cross, chequers_hall_statues_y,
          kennysheep_cross_bottleneck, uniq_jessica
D:3:      layout_basic, grunt_temple_overflow_octagram, portal_sewer_entry_f,
          kennysheep_slug_shrine, uniq_ijyb, uniq_terence
D:4:      corexii_shantytown, layout_loops_cross, first_ration, uniq_pikel,
          uniq_edmund

Skill      XL: |  1  2  3  4  5 |
---------------+----------------+-----
Spellcasting   | 5 7 8 |  8.9
Dodging        | |  2.4
Stealth        | |  2.4
Conjurations   | |  1.1
Summonings     | |  1.1
Translocations | |  1.1

Action                   |  1- 3 |  4- 6 || total
-------------------------+-------+-------++-------
Melee: Unarmed           |    22 |       ||    22
       Dagger            |       |    47 ||    47
 Cast: Magic Dart        |    92 |    60 ||   152
       Call Imp          |     3 |    12 ||    15
  Use: Potion            |       |     1 ||     1
 Stab: Sleeping          |       |     4 ||     4
  Eat: Chunk             |     2 |     4 ||     6
Armor: Robe              |    16 |    11 ||    27
Dodge: Dodged            |    44 |    51 ||    95

Table legend:
 A = Non-vault XP
 B = Vault XP
 C = Vault XP percentage of total XP
 D = Non-vault monster count
 E = Vault monster count
 F = Vault count percentage of total count
                 A         B        C        D         E       F
            +---------+---------+-------+---------+---------+-------
      Total |     185 |     154 |  45.4 |      40 |      36 |  47.4
            +---------+---------+-------+---------+---------+-------
        D:1 |      32 |       0 |   0.0 |      22 |       0 |   0.0
        D:2 |       9 |       0 |   0.0 |       5 |       0 |   0.0
        D:3 |      19 |      36 |  65.5 |       6 |       6 |  50.0
        D:4 |     125 |     118 |  48.6 |       7 |      30 |  81.1
            +---------+---------+-------+---------+---------+-------
